 Dungeon Crawl Stone Soup version 0.26.0-10-g1f06aea511 (webtiles) character file.

Game seed: 9673817592761675690

22011 Borgoz the Basher (level 12, -5/79 HPs)
             Began as a Gargoyle Berserker on Jan 14, 2021.
             Was a High Priest of Trog.
             Shot with a bolt by an orc warrior (18 damage)
             ... in a bailey.
             The game lasted 00:21:23 (16479 turns).

Borgoz the Basher (Gargoyle Berserker)             Turns: 16479, Time: 00:21:23

Health: -5/79      AC: 25    Str: 21      XL:     12   Next: 96%
Magic:  12/12      EV: 17    Int:  6 (9)  God:    Trog [*****.]
Gold:   1604       SH:  0    Dex: 17      Spells: 11/11 levels left

rFire    . . .     SeeInvis .   a - +3 great mace
rCold    . . .     Faith    .   (shield currently unavailable)
rNeg     + + .     Spirit   .   f - +3 ring mail of the Marlin {rN+ Dex+4}
rPois    ∞         Reflect  .   z - +0 helmet
rElec    +         Harm     .   k - +1 cloak
rCorr    +         Rampage  .   w - +1 pair of gloves
Will     ++...                  (no boots)
Stlth    +.........             (no amulet)
HPRegen  1.23/turn              (no ring)
MPRegen  0.13/turn              E - ring of resist corrosion

@: regenerating
A: negative energy resistance 1, electricity resistance, unbreathing,
petrification resistance, miasma immunity, AC +8
a: Renounce Religion, Berserk, Trog's Hand, Brothers in Arms


You were in a bailey.
You worshipped Trog.
Trog was extremely pleased with you.
You visited 2 branches of the dungeon, and saw 14 of its levels.
You also visited: Bailey.

You collected 1833 gold pieces.
You spent 229 gold pieces at shops.

Inventory:

Hand Weapons
 a - a +3 great mace (weapon)
 r - the +5 dagger of Dismemberment {drain, *Drain +Blink rC+ rN+}
   (You found it on level 4 of the Dungeon)

   A truly terrible weapon, it drains the life of those it strikes.
   It protects you from cold.
   It protects you from negative energy.
   It lets you blink.
   It causes draining when unequipped.
 F - the +1 mace of Noblil {antimagic, Dex+2}
   (You found it on level 12 of the Dungeon)

   It reduces the magical energy of the wielder, and disrupts the spells and
   magical abilities of those hit.
   Natural abilities and divine invocations are not affected.
   It affects your dexterity (+2).
Missiles
 j - 2 throwing nets (quivered)
Armour
 e - a +0 scale mail of cold resistance
 f - the +3 ring mail of the Marlin (worn) {rN+ Dex+4}
   (You found it on level 9 of the Dungeon)

   It affects your dexterity (+4).
   It protects you from negative energy.
 g - the +3 hat of Pondering {ponderous, Will+ MP+10 Int+5}
   (You took it off Gastronok on level 10 of the Dungeon)

   It affects your intelligence (+5).
   It affects your willpower, your defense against some magical effects.
   It affects your magic capacity (+10).
 k - a +1 cloak (worn)
 u - the +1 robe of Transparent Wonder {Dex+4}
   (You found it on level 6 of the Dungeon)

   It affects your dexterity (+4).
 w - a +1 pair of gloves (worn)
 z - a +0 helmet (worn)
 A - a +3 troll leather armour {Snorg}
Jewellery
 E - a ring of resist corrosion (right hand)
Wands
 i - a wand of digging (21)
 p - a wand of flame (17)
 t - a wand of disintegration (14)
 x - a wand of paralysis (6)
Scrolls
 b - 2 scrolls of fog
 h - 2 scrolls of enchant weapon
 l - 4 scrolls of remove curse
 y - a scroll of enchant armour
 C - 2 scrolls of teleportation
 G - a scroll of identify
Potions
 c - 2 potions of might {unknown}
 d - 4 potions of curing
 m - 4 potions of resistance
 n - a potion of heal wounds
 o - 3 potions of flight
 q - a potion of haste
 s - a potion of berserk rage
 v - 2 potions of cancellation
 B - a potion of magic {unknown}


   Skills:
 + Level 10.9 Fighting
 * Level 13.4 Maces & Flails
 + Level 10.6 Armour
 + Level 8.3 Dodging


You had 11 spell levels left.
You didn't know any spells.
Your spell library was empty.

Dungeon Overview and Level Annotations

Branches:
Dungeon (13/15)            Temple (1/1) D:5            Lair (0/6) D:10
    Orc (0/2) D:12         Bailey (1/1)
 Vaults: D:13-14

Altars:
Ashenzari
Cheibriados
Dithmenos
Elyvilon
Fedhas
Gozag
Hepliaklqana
Kikubaaqudgha
Makhleb
Nemelex Xobeh
Okawaru
Qazlal
Ru
Sif Muna
Trog
Uskayaw
Vehumet
Wu Jian
Xom
Yredelemnul
Zin
The Shining One

Shops:
D:9 ***   D:11 (

Annotations:
D:8 3 runed translucent doors, IHuginn's ghost, novice HOFi


Innate Abilities, Weirdness & Mutations

You are resistant to torment.
Your stone body is resilient. (AC +8)
You are immune to poison.
You resist negative energy. (rN+)
You are resistant to electric shocks. (rElec)
You can survive without breathing.
You are immune to petrification.
You are immune to miasma.


Message History

The orc warrior is moderately wounded.
The orc warrior hits you with a cursed -3 arbalest!
* * * LOW HITPOINT WARNING * * *
The orc warrior shoots a bolt.
The bolt barely misses you.
You barely miss the orc warrior.
The orc warrior is moderately wounded.
The orc warrior misses you.
You closely miss the orc warrior.
The orc warrior is moderately wounded.
The orc warrior shoots a bolt.
The bolt hits you.
* * * LOW HITPOINT WARNING * * *
You sock the orc warrior!
The orc warrior is almost dead.
The orc warrior completely misses you.
The orc warrior shoots a bolt.
The bolt hits you but does no damage.
You thump the orc warrior!
You kill the orc warrior!
Trog accepts your kill.
The orc warrior shoots a bolt.
The bolt hits you!!
You die...

### ###
##.###########∩##
#...##((((.##.∩.# o
#...#.(≈≈≈..#..(#..≈≈
#=..#)≈≈)≈≈(.o..o.≈≈o
#(..@.≈o∩.≈.......≈oo
#()(#.≈≈)≈≈.......≈≈o
#.()#..≈≈≈..#...#..≈≈
#(..##.....##...##...
##.###########∩## ###
### ##


You could see an orc warrior.

Vanquished Creatures
  Gastronok (D:10)
  Snorg (D:11)
  A hydra (D:9)
  A boulder beetle (D:9)
  2 two-headed ogres (D:12)
  Sonja (D:10)
  Urug (D:12)
  Nergalle (D:10)
  An orange crystal statue (D:11)
  A deep elf mage (D:11)
  2 ugly things
  3 cyclopes
  Joseph (D:8)
  Maggie (D:7)
  2 centaur skeletons
  A yaktaur (D:13)
  2 trolls
  Sigmund (D:5)
  12 yaks
  A vampire (D:12)
  3 wyverns (D:10)
  Grum (D:8)
  2 basilisks (D:10)
  Edmund (D:5)
  A water moccasin (D:10)
  9 orc warriors
  A black bear (D:7)
  5 sky beasts
  3 ice beasts
  2 necrophages
  3 wolves (D:8)
  5 phantoms
  7 ogres
  8 centaurs
  A big kobold (D:11)
  10 bullfrogs
  5 scorpions
  5 killer bees (D:9)
  2 howler monkeys
  7 wights (D:9)
  2 centaur zombies
  3 bullfrog zombies
  3 jellies
  16 orc wizards
  8 orc priests
  10 hounds
  2 bullfrog skeletons
  Jessica (D:2)
  5 iguanas
  7 worker ants
  A killer bee zombie (D:8)
  A hound zombie (D:7)
  2 hound skeletons
  A howler monkey zombie (D:7)
  15 adders
  A shadow imp (D:7)
  2 white imps
  2 ufetubi
  An adder skeleton (D:6)
  4 worms
  A dart slug (D:3)
  6 leopard geckos
  68 orcs
  4 ball pythons
  4 bats
  4 giant cockroaches
  7 hobgoblins
  10 jackals
  6 quokkas
  4 frilled lizards
  13 goblins
  8 kobolds
  A quokka skeleton (D:4)
  13 rats
354 creatures vanquished.

Vanquished Creatures (others)
  An orc (Bailey)
  2 fungi (D:10)
  4 plants (D:10)
7 creatures vanquished.

Grand Total: 361 creatures vanquished

Notes
Turn   | Place    | Note
-------+----------+-------------------------------------------
     0 | D:1      | Borgoz the Gargoyle Berserker began the quest for the Orb.
     0 | D:1      | Reached XP level 1. HP: 14/14 MP: 1/1
   616 | D:1      | Reached XP level 2. HP: 19/19 MP: 2/2
  1285 | D:2      | Found an ancient bone altar of Kikubaaqudgha.
  1285 | D:2      | Noticed Jessica
  1311 | D:2      | Killed Jessica
  1312 | D:2      | Reached XP level 3. HP: 15/23 MP: 3/3
  1563 | D:2      | Found a hide-covered altar of Uskayaw.
  1740 | D:2      | Noticed a +0 dagger
  1741 | D:2      | Noticed a +0 dagger
  1851 | D:2      | Reached XP level 4. HP: 21/29 MP: 4/4
  1885 | D:2      | Found a shadowy altar of Dithmenos.
  2445 | D:2      | Reached ** piety under Trog
  2456 | D:2      | Reached skill level 4 in Maces & Flails
  2867 | D:3      | Reached XP level 5. HP: 27/33 MP: 5/5
  2988 | D:3      | Noticed a phantom
  3044 | D:3      | Killed a phantom
  3076 | D:3      | Reached XP level 6. HP: 11/38 MP: 6/6
  4162 | D:4      | Reached skill level 5 in Maces & Flails
  4265 | D:4      | Reached *** piety under Trog
  4379 | D:4      | Noticed a phantom
  4407 | D:4      | Killed a phantom
  4408 | D:4      | Reached XP level 7. HP: 40/44 MP: 7/7
  4433 | D:4      | Found a sparkling altar of Nemelex Xobeh.
  4670 | D:4      | Got a smoking dagger
  4730 | D:4      | Identified the +5 dagger of Dismemberment {drain, *Drain
                  | +Blink rC+ rN+} (You found it on level 4 of the Dungeon)
  4955 | D:4      | Reached skill level 5 in Fighting
  5331 | D:5      | Entered Level 5 of the Dungeon
  5353 | D:5      | Found a staircase to the Ecumenical Temple.
  5368 | D:5      | Reached skill level 6 in Maces & Flails
  5373 | Temple   | Entered the Ecumenical Temple
  5793 | D:5      | Noticed a moth of wrath
  5796 | D:5      | Found a bloodstained altar of Trog.
  5938 | D:5      | Reached XP level 8. HP: 43/49 MP: 8/8
  6049 | D:5      | Found an opulent altar of Gozag.
  6116 | D:5      | Noticed Edmund
  6130 | D:5      | Killed Edmund
  6542 | D:5      | Noticed Sigmund
  6549 | D:5      | Killed Sigmund
  6550 | D:5      | Reached skill level 5 in Armour
  6958 | D:6      | Reached skill level 7 in Maces & Flails
  7288 | D:6      | Got a ripped robe
  7337 | D:6      | Reached XP level 9. HP: 55/55 MP: 9/9
  7391 | D:6      | Reached **** piety under Trog
  8146 | D:7      | Noticed a troll
  8150 | D:7      | Reached skill level 8 in Maces & Flails
  8161 | D:7      | Killed a troll
  8441 | D:7      | Reached skill level 5 in Dodging
  8769 | D:7      | Reached skill level 9 in Maces & Flails
  8793 | D:7      | Found a burning altar of Makhleb.
  9152 | D:7      | Noticed Maggie
  9167 | D:7      | Killed Maggie
  9168 | D:7      | Reached XP level 10. HP: 43/63 MP: 10/10
  9396 | D:7      | Identified the +1 robe of Transparent Wonder {Dex+4} (You
                  | found it on level 6 of the Dungeon)
  9568 | D:8      | Found a basalt altar of Yredelemnul.
  9574 | D:8      | Noticed Grum
  9591 | D:8      | Killed Grum
  9592 | D:8      | Found a runed translucent gate.
  9592 | D:8      | Identified the +3 short sword of Profit {chaos, rF+ Dex+3}
  9823 | D:8      | Reached skill level 10 in Maces & Flails
  9863 | D:8      | Noticed Joseph
  9879 | D:8      | Killed Joseph
 10112 | D:8      | Found a runed translucent gate.
 10112 | D:8      | Found a runed translucent gate.
 10116 | D:8      | Noticed IHuginn's ghost (novice HOFi)
 10137 | D:8      | Noticed a kobold demonologist
 10175 | D:9      | Noticed a four-headed hydra
 10185 | D:9      | Killed a four-headed hydra
 10232 | D:9      | Reached ***** piety under Trog
 10501 | D:9      | Found a bloodstained altar of Trog.
 10509 | D:9      | Reached XP level 11. HP: 68/69 MP: 11/11
 10697 | D:9      | Noticed a boulder beetle
 10698 | D:9      | Found Witsojoa's General Store.
 10710 | D:9      | Killed a boulder beetle
 10711 | D:9      | Reached skill level 11 in Maces & Flails
 10719 | D:9      | Got a scorched ring mail
 10914 | D:9      | Found a broken altar of Ashenzari.
 10970 | D:9      | Identified the +3 ring mail of the Marlin {rN+ Dex+4} (You
                  | found it on level 9 of the Dungeon)
 11038 | D:9      | Found Roell's Assorted Antiques.
 11042 | D:9      | Bought a scroll of identify for 62 gold pieces
 11042 | D:9      | Bought a scroll of identify for 62 gold pieces
 11042 | D:9      | Bought a scroll of identify for 62 gold pieces
 11072 | D:9      | Found Jiseuc's Assorted Antiques.
 11075 | D:9      | Bought a bubbling orange potion for 20 gold pieces
 11075 | D:9      | Bought a scroll labelled QIFAUDW YNESTE for 23 gold pieces
 11123 | D:9      | Found a snail-covered altar of Cheibriados.
 11321 | D:9      | Found a radiant altar of Vehumet.
 11520 | D:10     | Entered Level 10 of the Dungeon
 11570 | D:10     | Acquired 994 gold pieces
 11708 | D:10     | Noticed Sonja
 11759 | D:10     | Killed Sonja
 12206 | D:10     | Noticed Nergalle
 12211 | D:10     | Noticed a spectral orc warlord
 12219 | D:10     | Killed Nergalle
 12271 | D:10     | Found a staircase to the Lair.
 12277 | D:10     | Noticed Gastronok
 12292 | D:10     | Killed Gastronok
 12293 | D:10     | Reached skill level 12 in Maces & Flails
 12437 | D:10     | Reached XP level 12. HP: 77/77 MP: 12/12
 12613 | D:10     | Reached skill level 10 in Fighting
 13015 | D:11     | Found a runed translucent door.
 13025 | D:11     | Found a runed translucent door.
 13041 | D:11     | Found a runed translucent door.
 13189 | D:11     | Noticed Snorg
 13202 | D:11     | Killed Snorg
 13543 | D:11     | Received a gift from Trog
 13693 | D:11     | Reached skill level 10 in Armour
 13996 | D:11     | Found a runed translucent door.
 14114 | D:11     | Found Roerphi's Weapon Boutique.
 14930 | D:12     | Noticed a two-headed ogre
 14938 | D:12     | Killed a two-headed ogre
 14951 | D:12     | Reached skill level 13 in Maces & Flails
 15046 | D:12     | Found a staircase to the Orcish Mines.
 15218 | D:12     | Got a warped mace
 15219 | D:12     | Identified the +1 mace of Noblil {antimagic, Dex+2} (You
                  | found it on level 12 of the Dungeon)
 15286 | D:12     | Noticed a two-headed ogre
 15295 | D:12     | Killed a two-headed ogre
 15352 | D:12     | Noticed Urug
 15361 | D:12     | Killed Urug
 15617 | D:12     | Found a shadowy altar of Dithmenos.
 16425 | D:13     | Found a flagged portal.
 16438 | Bailey   | Entered a bailey
 16479 | Bailey   | Shot with a bolt by an orc warrior

Illustrated notes

Levels and vault maps discovered:
D:1:      lightli_arrival_windingriver, layout_loops_ring, minmay_misc_feat_rows
D:2:      minmay_razor_zed, layout_basic, dancing_weapons_uskayaw,
          old_standard_altar, kiku_gazebo_pond_becter, uniq_jessica
D:3:      layout_loops_ring, corexii_corridor_pit, dk_vineyard_2
D:4:      layout_cave_pods, lemuel_crystal_altar
D:5:      layout_basic, nicolae_gozag_seed_capital, tgw_trog,
          minmay_temple_entry_junction_2, uniq_edmund, uniq_sigmund
D:6:      layout_basic
D:7:      layout_loops_ring, general_overflow_altar,
          chequers_serial_rivers_small_a, kennysheep_diamond, uniq_maggie
D:8:      layout_cave_pools, lemuel_doored_altar, gammafunk_ghost_nasty_kobolds,
          uniq_grum, uniq_joseph
D:9:      layout_long_grid, kennysheep_little_box, cheibrodos_worm_habitat,
          ashenzari_altar_1, serial_shops, nicolae_shop_trees,
          nicolae_shop_crystal, nicolae_shop_behind_doors,
          minmay_misc_feat_nine_boxes, trog_butcher_becter
D:10:     layout_basic, minmay_lair_entry_grove, kennysheep_generic_room_11,
          uniq_nergalle, uniq_sonja, uniq_gastronok
D:11:     layout_basic, gauntlet_entry_generic, serial_shops, shop,
          minmay_statue_crystal_thing, uniq_snorg
D:12:     layout_stronghold, orc_0_dummy, basic_altar, uniq_urug
D:13:     layout_grid_maze, david_vaults_2, enter_bailey_3
Temple:   minmay_temple_curvy_loop
Bailey:   bailey_polearm_4, bailey

Skill      XL: |  1  2  3  4  5  6  7  8  9 10 11 12 |
---------------+-------------------------------------+-----
Dodging        | 2 3 4 5 6 7 8 |  8.3
Maces & Flails | 4 5 6 7 9 10 12 13 | 13.4
Armour         | 3 4 5 7 8 9 10 | 10.6
Fighting       | 4 5 6 7 8 9 10 | 10.9

Action                   |  1- 3 |  4- 6 |  7- 9 | 10-12 || total
-------------------------+-------+-------+-------+-------++-------
Melee: Mace              |   106 |    64 |       |       ||   170
       Flail             |       |   166 |   354 |       ||   520
       Dagger            |       |       |     7 |       ||     7
       Morningstar       |       |       |       |   490 ||   490
       Great mace        |       |       |       |   226 ||   226
Throw: Throwing net      |       |       |       |     1 ||     1
Invok: Berserk           |     3 |     5 |    10 |    12 ||    30
       Trog's Hand       |       |       |     1 |     2 ||     3
Evoke: Wand              |       |       |       |     3 ||     3
  Use: Potion            |       |       |     4 |     1 ||     5
       Scroll            |       |       |       |    27 ||    27
 Stab: Paralysed         |       |       |       |     1 ||     1
Armor: Animal skin       |    47 |    89 |       |       ||   136
       Scale mail        |       |    18 |   228 |       ||   246
       Troll leather arm |       |       |       |   141 ||   141
       Ring mail         |       |       |       |   293 ||   293
Dodge: Dodged            |    68 |   180 |   245 |   761 ||  1254
